 Dungeon Crawl Stone Soup version 0.27.0-1-g7a089689b8 (webtiles) character file.

Game seed: 356249812058037647

113 growler the Gusty (level 4, -4/24 HPs)
             Began as a Tengu Air Elementalist on Aug 10, 2021.
             Killed from afar by Ijyb (11 damage)
             ... with a puff of flame
             ... on level 3 of the Dungeon.
             The game lasted 00:06:29 (2735 turns).

growler the Gusty (Tengu Air Elementalist)          Turns: 2735, Time: 00:06:30

Health: -4/24      AC:  2    Str:  9    XL:     4   Next: 96%
Magic:  1/9        EV: 12    Int: 16    God:
Gold:   61         SH:  0    Dex: 14    Spells: 3/9 levels left

rFire    . . .     SeeInvis .   (no weapon)
rCold    . . .     Faith    .   (no shield)
rNeg     . . .     Spirit   .   a - +0 robe
rPois    +         Reflect  .   (helmet restricted)
rElec    .         Harm     .   (no cloak)
rCorr    .         Rampage  .   (no gloves)
Will     .....                  (boots unavailable)
Stlth    ++........             e - amulet of regeneration
HPRegen  1.08/turn              n - ring of poison resistance
MPRegen  0.11/turn              (no ring)

@: no status effects
A: beak, talons 3
a: no special abilities


You were on level 3 of the Dungeon.
You visited 1 branch of the dungeon, and saw 3 of its levels.

You collected 61 gold pieces.

Inventory:

Armour
 a - a +0 robe (worn)
Jewellery
 e - an amulet of regeneration (around neck)
   (You found it on level 2 of the Dungeon)
 m - an amulet of guardian spirit
   (You found it on level 1 of the Dungeon)
 n - a ring of poison resistance (left hand)
   (You found it on level 2 of the Dungeon)
 r - a ring of ice
   (You found it on level 3 of the Dungeon)
Scrolls
 c - a scroll of teleportation {unknown}
 d - a scroll of fear {unknown}
 g - a scroll of noise {unknown}
 h - a scroll of identify {unknown}
 j - a scroll of vulnerability {unknown}
 k - a scroll of amnesia {unknown}
 q - a scroll of fog {unknown}
Potions
 b - a potion of might {unknown}
 f - a potion of brilliance {unknown}
 i - a potion of curing {unknown}
 l - 2 potions of lignification {unknown}
 o - 2 potions of mutation {unknown}
 p - a potion of haste {unknown}


   Skills:
 - Level 2.1 Dodging
 - Level 2.0 Stealth
 + Level 3.0 Spellcasting
 + Level 3.7 Conjurations
 + Level 5.3 Air Magic


You had 3 spell levels left.
You knew the following spells:

 Your Spells              Type           Power      Damage    Failure   Level
a - Shock                 Conj/Air       64%        1d7       3%          1
d - Static Discharge      Conj/Air       16%        N/A       4%          2
s - Swiftness             Air            19%        N/A       6%          3

Your spell library contained the following spells:

 Spells                   Type           Power      Damage    Failure   Level
 Foxfire                  Conj/Fire      32%        2x1d5     9%          1
 Conjure Flame            Conj/Fire      8%         6-21      26%         3
 Blink                    Tloc           N/A        N/A       28%         2
 Inner Flame              Hex/Fire       2%         N/A       50%         3
 Lesser Beckoning         Tloc           1%         N/A       50%         3
 Airstrike                Air            9%         N/A       22%         4
 Manifold Assault         Tloc           2%         N/A       99%         5


Dungeon Overview and Level Annotations

Branches:
Dungeon (3/15)

Altars:
Elyvilon

Shops:
D:3 *

Annotations:
D:3 Ijyb


Innate Abilities, Weirdness & Mutations

You have a beak for a mouth.
You have claws for feet.


Message History

You kill the adder!
The lightning grounds out.
Your Spellcasting skill increases to level 3!
A hobgoblin comes into view.
A hobgoblin is nearby!
Unknown command.
Aim: a hobgoblin (asleep, 100% to hit)
The zap hits the hobgoblin.
You kill the hobgoblin!
You can't see any susceptible monsters within range! (Use Z to cast anyway.) Unknown command.
Found a stone staircase leading up.
There is a stone staircase leading up here.
Found a white marble altar of Elyvilon.
Found a scratched brass ring and 6 gold pieces.
Found a scroll labelled CEQAMN LIASURUTH.
You now have 61 gold pieces (gained 6).
q - a scroll labelled CEQAMN LIASURUTH
r - a ring of ice As you open the door, it creaks loudly!
You hear a shout!
A quokka comes into view.
Ijyb the Twisted Goblin comes into view.
She is wielding a +0 dagger and carrying a wand of flame (18).
The quokka bites you.
There is an open door here.
You hit the quokka but do no damage. You peck the quokka.
The quokka closely misses you.
You closely miss the quokka. You claw the quokka.
You kill the quokka!
Ijyb zaps a wand.
The puff of flame hits you.
A worm comes into view.
Ijyb is struck by an arc of lightning.
You are struck by an arc of lightning.
The lightning grounds out.
Ijyb zaps a wand.
The puff of flame misses you.
Ijyb is struck by an arc of lightning.
You are struck by an arc of lightning.
The lightning grounds out.
Ijyb screams, "I cut your head off!" Ijyb hits you with a +0 dagger.
* * * LOW HITPOINT WARNING * * *
Ijyb is struck by an arc of lightning.
The lightning grounds out.
Ijyb hits you but does no damage.
You hit Ijyb but do no damage. Ijyb hits you with a +0 dagger.
* * * LOW HITPOINT WARNING * * *
Ijyb is struck by an arc of lightning!
You are struck by an arc of lightning.
* * * LOW HITPOINT WARNING * * *
The lightning grounds out.
Ijyb zaps a wand.
The puff of flame hits you!
You die...

.≈≈≈≈≈≈≈.# # #.
.........## ##.#.
#########.#
...#.####+#### #.#..#
..#...... #..# #....#
..#...... #..# ####.#
.####...####.## ##.##.#
w.#....g..#...####...#.#
#@..#...+........#
#'###...####......
#.....### ##.#...
#.....# ###... ###...#
#.## #.....# #.#
#.....#########.#
#+###...........#
#...#...##..#


You could see Ijyb and a worm.

Vanquished Creatures
  Terence (D:2)
  Robin (D:3)
  2 adders (D:3)
  A worm (D:2)
  2 dart slugs
  6 endoplasms
  10 goblins
  9 hobgoblins
  3 jackals (D:1)
  A kobold (D:1)
  3 quokkas
  A ball python (D:1)
  4 bats
  2 frilled lizards (D:2)
  3 rats (D:1)
49 creatures vanquished.

Notes
Turn   | Place    | Note
-------+----------+-------------------------------------------
     0 | D:1      | growler the Tengu Air Elementalist began the quest for the
                  | Orb.
     0 | D:1      | Reached XP level 1. HP: 10/10 MP: 4/4
   140 | D:1      | Reached XP level 2. HP: 15/15 MP: 1/6
   599 | D:1      | Found a faded altar of an unknown god.
  1009 | D:2      | Reached XP level 3. HP: 19/19 MP: 5/7
  1012 | D:2      | Learned a level 2 spell: Static Discharge
  1016 | D:2      | Learned a level 3 spell: Swiftness
  1529 | D:2      | Noticed Terence
  1594 | D:2      | Killed Terence
  1902 | D:2      | Reached XP level 4. HP: 24/24 MP: 6/9
  2138 | D:3      | Found Dooseced's Assorted Antiques.
  2144 | D:3      | Reached skill level 5 in Air Magic
  2161 | D:3      | Noticed Robin
  2276 | D:3      | Killed Robin
  2658 | D:3      | Found a white marble altar of Elyvilon.
  2726 | D:3      | Noticed Ijyb
  2735 | D:3      | Killed from afar by Ijyb

Illustrated notes

Levels and vault maps discovered:
D:1:      dpeg_arrival_simpleton_b, layout_loops_ring,
          shapermc_ecumenical_altar_mp_vishouse, minmay_pentomino_x4
D:2:      layout_basic, uniq_terence
D:3:      layout_loops_corners, hangedman_ru_absence, mainiacjoe_overflow_paths,
          serial_shops, nicolae_shop_statue_plus, uniq_ijyb, uniq_robin

Skill      XL: |  1  2  3  4 |
---------------+-------------+-----
Conjurations   | 2 3 |  3.7
Air Magic      | 5 |  5.3
Spellcasting   | 3 |  3.0
Dodging        | |  2.1
Stealth        | |  2.0

Action                   |  1- 3 |  4- 6 || total
-------------------------+-------+-------++-------
Melee: Unarmed           |     4 |    23 ||    27
       Peck              |     1 |     2 ||     3
       Kick              |     1 |     1 ||     2
 Cast: Shock             |    45 |    41 ||    86
       Static Discharge  |     2 |     6 ||     8
Armor: Robe              |     2 |     7 ||     9
Dodge: Dodged            |     9 |    20 ||    29
